 Dungeon Crawl Stone Soup version 0.30.1-11-g7821555f0a (webtiles) character file.

Game seed: 10599291961285662478

60 Martska the Conjurer (level 3, -3/26 HPs)
             Began as a Draconian Conjurer on Nov 17, 2023.
             Was an Initiate of Sif Muna.
             Slain by a worm (9 damage)
             ... on level 3 of the Dungeon.
             The game lasted 00:07:22 (2185 turns).

Martska the Conjurer (Draconian Conjurer)           Turns: 2185, Time: 00:07:24

Health: -3/26      AC:  5    Str:  9    XL:     3   Next: 80%
Magic:  1/6        EV: 12    Int: 20    God:    Sif Muna [......]
Gold:   97         SH:  0    Dex:  9    Spells: 6/7 levels left

rFire   . . .        i - +0 whip
rCold   . . .        (no shield)
rNeg    . . .        (body armour unavailable)
rPois   +            (helmet restricted)
rElec   .            (no cloak)
rCorr   .            (no gloves)
SInv    +            (no boots)
Will    .....        (no amulet)
Stlth   ++           o - ring of poison resistance
HPRegen 0.24/turn    n - ring of see invisible
MPRegen 0.10/turn

%: no passive effects
@: no status effects
A: AC +5, unfitting armour, cold-blooded
a: Renounce Religion


You were on level 3 of the Dungeon.
You worshipped Sif Muna.
Sif Muna was noncommittal.
You visited 1 branch of the dungeon, and saw 3 of its levels.

You collected 97 gold pieces.

Inventory:

Hand Weapons
 d - a +0 club
 i - a +0 whip (weapon)
Armour
 q - a +0 kite shield
Jewellery
 c - a ring of positive energy
 m - a ring of protection from fire
 n - a ring of see invisible (right hand)
 o - a ring of poison resistance (left hand)
Scrolls
 e - 3 scrolls of identify {unknown}
 f - a scroll of teleportation {unknown}
 h - a scroll of enchant weapon {unknown}
 k - 2 scrolls of blinking {unknown}
 p - a scroll of amnesia {unknown}
 s - a scroll of poison {unknown}
 t - a scroll of fear {unknown}
Potions
 a - a potion of magic
 b - 3 potions of heal wounds {unknown}
 g - a potion of curing {unknown}
 j - a potion of flight {unknown}
 l - 2 potions of cancellation {unknown}
 r - a potion of degeneration {unknown}


   Skills:
 * Level 2.3 Dodging
 * Level 2.4 Stealth
 * Level 2.5 Spellcasting
 * Level 4.4 Conjurations
 * Level 0.2 Invocations


You had 6 spell levels left.
You knew the following spells:

 Your Spells              Type           Power      Damage    Failure   Level
a - Magic Dart            Conj           80%        1d7       2%          1

Your spell library contained the following spells:

 Spells                   Type           Power      Damage    Failure   Level
 Searing Ray              Conj           40%        2d5       3%          2
 Slow                     Hex            8%         N/A       16%         1
 Dazzling Flash           Conj/Hex       22%        N/A       19%         3
 Confusing Touch          Hex            2%         N/A       41%         3
 Vampiric Draining        Necr           2%         2d6       41%         3
 Fulminant Prism          Conj/Hex       5%         3d7       52%         4
 Iskenderun's Mystic Bla  Conj/Tloc      11%        2d4       52%         4


Dungeon Overview and Level Annotations

Branches:
Dungeon (3/15)

Altars:
Sif Muna

Shops:
D:2 (


Innate Abilities, Weirdness & Mutations

Your plain brown scales are hard. (AC +5)
You cannot fit into any form of body armour.
You are cold-blooded and may be slowed by cold attacks.


Message History

You tail-slap the worm, but do no damage.
The worm is severely wounded.
The worm bites you but does no damage.
You hit the worm.
The worm is severely wounded.
You barely miss the worm.
The worm is severely wounded.
The worm barely misses you.
You hit the worm but do no damage.
You tail-slap the worm, but do no damage.
The worm is severely wounded.
The worm bites you.
You hit the worm but do no damage.
The worm is severely wounded.
You hit the worm but do no damage.
The worm is severely wounded.
The worm closely misses you.
You barely miss the worm.
Your tail-slap misses the worm.
The worm is severely wounded.
The worm bites you!
You barely miss the worm.
Your tail-slap misses the worm.
You punch the worm.
The worm is severely wounded.
Casting: Magic Dart (safe; 2% risk of failure)
Confirm with . or Enter, or press ? or * to list all spells.
Aiming: Magic Dart (safe; 2% risk of failure)
Press: ? - help, Shift-Dir - straight line, f/p - worm
Aim: a worm (severely wounded, 100% to hit)
The magic dart hits the worm.
The worm is almost dead.
The worm bites you!
* * * LOW HITPOINT WARNING * * *
Casting: Magic Dart (safe; 2% risk of failure)
Confirm with . or Enter, or press ? or * to list all spells.
Aiming: Magic Dart (safe; 2% risk of failure)
Press: ? - help, Shift-Dir - straight line, f/p - worm
Aim: a worm (almost dead, 100% to hit)
The magic dart hits the worm but does no damage.
The worm is almost dead.
The worm bites you!
You die...

..)# ).#
..# #.# #.#
#.# #.# #w#
#@# #.#
#####'####
#........#
#........#
#........#
#........#
#........#
##........#


You could see a worm.

Vanquished Creatures
  2 adders (D:2)
  3 orcs (D:3)
  5 bats
  3 endoplasms
  A giant cockroach (D:2)
  2 goblins
  2 hobgoblins (D:2)
  2 quokkas
  5 ball pythons (D:2)
  A frilled lizard (D:2)
  6 kobolds
  9 rats
41 creatures vanquished.

Notes
Turn   | Place    | Note
-------+----------+-------------------------------------------
     0 | D:1      | Martska the Draconian Conjurer began the quest for the Orb.
     0 | D:1      | Reached XP level 1. HP: 14/14 MP: 3/3
   395 | D:1      | Reached XP level 2. HP: 20/20 MP: 0/5
  1398 | D:2      | Reached XP level 3. HP: 15/26 MP: 6/6
  1507 | D:2      | Found a shimmering blue altar of Sif Muna.
  1529 | D:2      | Became a worshipper of Sif Muna the Loreminder
  1623 | D:2      | Found Buolaul's Antique Weapon Boutique.
  2185 | D:3      | Slain by a worm

Illustrated notes

Levels and vault maps discovered:
D:1:      amcnicky_arrival_feature_with_door, layout_loops_corners,
          feat_on_display
D:2:      layout_loops_ring, basic_altar, serial_shops, nicolae_shop_stone
D:3:      layout_basic, gammafunk_ghost_icy

Skill      XL: |  1 |
---------------+----+-----
Stealth        | 2 |  2.4
Dodging        | 2 |  2.3
Spellcasting   | |  2.5
Conjurations   | |  4.4
Invocations    | |  0.2

Action                     || total
---------------------------++-------
  Melee: Club              ||     6
         Whip              ||    46
         Tailslap          ||     6
         Punch             ||     2
   Cast: Magic Dart        ||    61
   Stab: Sleeping          ||     3
 Armour: Skin              ||    30
  Dodge: Dodged            ||    42
